 Dungeon Crawl Stone Soup version 0.21.1-1-g345015fe64 (webtiles) character file.

180302 Bergy the Severer (level 17, -1/111 HPs)
             Began as a Gargoyle Fighter on July 26, 2018.
             Was the Champion of Makhleb.
             Killed from afar by a deep elf knight (27 damage)
             ... with a shard of ice
             ... on level 2 of the Elven Halls.
             The game lasted 02:44:59 (33171 turns).

Bergy the Severer (Gargoyle Fighter)               Turns: 33171, Time: 02:45:00

Health: -1/111     AC: 38    Str: 30      XL:     17   Next: 92%
Magic:  25/26      EV:  6    Int: 12      God:    Makhleb [******]
Gold:   1996       SH: 21    Dex:  7 (9)  Spells: 16/16 levels left

rFire    + . .     SeeInvis .   R - +1 broad axe of Cobwebs {chop, rF+ rN+}
rCold    + . .     Gourm    .   P - +0 large shield of Doyghih {MR+ Int+2}
rNeg     + + .     Faith    .   V - +4 plate armour
rPois    ∞         Spirit   .   F - +0 helmet
rElec    +         Reflect  .   D - +0 cloak
rCorr    .         Harm     .   G - +2 pair of gloves
MR       +++..     Clarity  +   (no boots)
Stlth    ..........             b - amulet "Keho" {+Rage rPois MR+}
HPRegen  0.28/turn              Z - ring of Orarel {rC+ MP+9 Stlth+}
MPRegen  0.20/turn              S - +4 ring of strength

@: hasted, very quick
A: big wings, claws 1, clarity, deterioration 1, negative energy resistance 1,
electricity resistance, unbreathing, petrification resistance, rot immunity, AC
+12
}: 1/15 runes: gossamer
a: Fly, Minor Destruction, Lesser Servant of Makhleb, Major Destruction, Greater
Servant of Makhleb, Renounce Religion, Evoke Berserk Rage


You were on level 2 of the Elven Halls.
You worshipped Makhleb.
Makhleb was exalted by your worship.
You were not hungry.

You visited 6 branches of the dungeon, and saw 27 of its levels.

You collected 3000 gold pieces.
You spent 1004 gold pieces at shops.

Inventory:

Hand Weapons
 B - a +5 eveningstar of draining
 L - a +1 morningstar of holy wrath
 R - the +1 broad axe of Cobwebs (weapon) {chop, rF+ rN+}
   (You found it on level 6 of the Lair of Beasts)

   It inflicts extra damage upon your enemies.
   It protects you from fire.
   It protects you from negative energy.
Armour
 D - a +0 cloak (worn)
 F - a +0 helmet (worn)
 G - a +2 pair of gloves (worn)
 P - the +0 large shield of Doyghih (worn) {MR+ Int+2}
   (You took it off Louise on level 1 of the Elven Halls)

   It affects your intelligence (+2).
   It affects your resistance to hostile enchantments.
 V - a +4 plate armour (worn)
Jewellery
 b - the amulet "Keho" (around neck) {+Rage rPois MR+}
   (You acquired it on level 4 of the Spider Nest)

   [amulet of rage]

   It protects you from poison.
   It affects your resistance to hostile enchantments.
   It lets you go berserk.
 S - a +4 ring of strength (right hand)
 Z - the ring of Orarel (left hand) {rC+ MP+9 Stlth+}
   (You found it on level 10 of the Dungeon)

   [ring of magical power]

   It protects you from cold.
   It affects your magic capacity (+9).
   It makes you more stealthy.
Wands
 l - a wand of enslavement (13)
 p - a wand of acid (7)
 y - a wand of iceblast (5)
Scrolls
 e - 4 scrolls of enchant armour
 h - 3 scrolls of blinking
 m - 12 scrolls of teleportation
 r - 6 scrolls of fear
 u - 5 scrolls of enchant weapon
 w - 12 scrolls of remove curse
 A - 5 scrolls of magic mapping
 K - a scroll of holy word
 U - a scroll of identify
 Y - 2 scrolls of acquirement
Potions
 d - 3 potions of might
 g - 2 potions of brilliance
 j - 3 potions of haste
 k - a potion of berserk rage
 n - a potion of resistance
 o - a potion of ambrosia
 q - a potion of magic {unknown}
 s - 5 potions of curing
 v - 3 potions of heal wounds
 x - a potion of agility {unknown}
 H - a potion of degeneration {unknown}
 O - 2 potions of mutation
 Q - 2 potions of cancellation {unknown}
 W - a potion of invisibility {unknown}
Books
 c - a book of Misfortune

   Spells                             Type                      Level
   a - Confusing Touch                Hexes                        1
   b - Confuse                        Hexes                        3
   c - Gell's Gravitas                Translocation                3
   d - Petrify                        Transmutation/Earth          4
   e - Metabolic Englaciation         Hexes/Ice                    5
   f - Yara's Violent Unravelling     Hexes/Transmutation          5
 i - a book of Air

   Spells                             Type                      Level
   a - Shock                          Conjuration/Air              1
   b - Swiftness                      Charms/Air                   2
   c - Static Discharge               Conjuration/Air              3
   d - Airstrike                      Air                          4
   e - Lightning Bolt                 Conjuration/Air              5
 t - a book of Geomancy

   Spells                             Type                      Level
   a - Sandblast                      Earth                        1
   b - Passwall                       Transmutation/Earth          2
   c - Stone Arrow                    Conjuration/Earth            3
   d - Petrify                        Transmutation/Earth          4
   e - Lee's Rapid Deconstruction     Earth                        5
 M - a book of Alchemy

   Spells                             Type                      Level
   a - Sublimation of Blood           Necromancy                   2
   b - Ignite Poison                  Fire/Transmutation/Poison    3
   c - Petrify                        Transmutation/Earth          4
   d - Alistair's Intoxication        Transmutation/Poison         5
   e - Irradiate                      Conjuration/Transmutation    5
 N - a Fen Folio

   Spells                             Type                      Level
   a - Corpse Rot                     Necromancy                   2
   b - Stone Arrow                    Conjuration/Earth            3
   c - Leda's Liquefaction            Hexes/Earth                  4
   d - Summon Forest                  Summoning/Translocation      5
   e - Hydra Form                     Transmutation                6
   f - Summon Hydra                   Summoning                    7
 T - a book of Flames

   Spells                             Type                      Level
   a - Flame Tongue                   Conjuration/Fire             1
   b - Throw Flame                    Conjuration/Fire             2
   c - Conjure Flame                  Conjuration/Fire             3
   d - Inner Flame                    Hexes/Fire                   3
   e - Sticky Flame                   Conjuration/Fire             4
   f - Fireball                       Conjuration/Fire             5
 X - a book of Clouds

   Spells                             Type                      Level
   a - Poisonous Vapours              Poison/Air                   2
   b - Mephitic Cloud                 Conjuration/Poison/Air       3
   c - Conjure Flame                  Conjuration/Fire             3
   d - Freezing Cloud                 Conjuration/Ice/Air          6
   e - Ring of Flames                 Charms/Fire                  7
Miscellaneous
 a - a lightning rod (4/4)
 z - 2 phantom mirrors
Comestibles
 f - 63 rations


   Skills:
 + Level 14.0 Fighting
 - Level 16.4(18.0) Axes
 - Level 14.0(17.5) Maces & Flails
 + Level 11.9 Armour
 * Level 15.7 Shields


You had 16 spell levels left.
You didn't know any spells.

Dungeon Overview and Level Annotations

Branches:
Dungeon (12/15)            Temple (1/1) D:7            Lair (6/6) D:8
  Swamp (0/4) Lair:4       Spider (4/4) Lair:4        Slime (0/5) Lair:6
    Orc (2/2) D:12            Elf (2/3) Orc:2

Altars:
Ashenzari
Dithmenos
Elyvilon
Fedhas
Gozag
Hepliaklqana
Kikubaaqudgha
Makhleb
Nemelex Xobeh
Okawaru
Qazlal
Ru
Sif Muna
Trog
Uskayaw
Vehumet
Wu Jian
Xom
Yredelemnul
Zin
The Shining One
Beogh

Shops:
D:4 (   D:7 %[%   Orc:2 (?}}*   Elf:1 !   Elf:2 (

Portals:
Trove: D:11 (show slimy rune of Zot)

Annotations:
D:3 brittlin's ghost, amateur HOFi
D:10 Gastronok
Lair:1 exclusion: 2 oklob plants


Innate Abilities, Weirdness & Mutations

You are resistant to torment.
Your stone body is resilient. (AC +12)
You are immune to poison.
Your large and strong wings let you fly indefinitely.
You resist negative energy. (rN+)
You are resistant to electric shocks. (rElec)
You can survive without breathing.
You are immune to petrification.
You are immune to rotting.
You have sharp fingernails.
You possess an exceptional clarity of mind.
Your body sometimes deteriorates upon taking damage.


Message History

You block the battleaxe of chopping's attack.
You closely miss the battleaxe of chopping.
Your shield and plate armour prevent you from hitting the antimagic bardiche.
You closely miss something.
You hit the battleaxe of chopping but do no damage.
You barely miss something. You miss the battleaxe of chopping.
You hit the battleaxe of chopping but do no damage.
You slash the antimagic bardiche!
The antimagic bardiche falls from the air.
Makhleb accepts your kill. You block something's attack.
You block the battleaxe of chopping's attack.
The battleaxe of chopping hits you!
* * * LOW HITPOINT WARNING * * *
x2 You hit something but do no damage.
You closely miss the battleaxe of chopping. x2
You hear some strange, mumbled words.
A shard of ice appears from out of thin air!
The shard of ice hits you! You partially resist.
You die...

#. #(...............
##. #...............
#... #.............#.
#... #..)........# #
#..# ##..........## #
##...###............###
#.....#e.............#.
##...(()...............
##..{@.##...##...##...
##...####.####.####.#
##### ### ### ### ####
#..###


You could see a deep elf mage and 2 dancing weapons.

Vanquished Creatures
  Arachne (Spider:4)
  4 ghost moths
  An orc warlord (Orc:2)
  Louise (Elf:1)
  An emperor scorpion (Spider:4)
  A deep elf sorcerer (Elf:1)
  A stone giant (Orc:2)
  2 deep elf demonologists
  The ghost of Bergy the Fighter, a journeyman GrFi of Makhleb (Spider:1)
  2 entropy weavers
  Azrael (Orc:2)
  3 spark wasps (Spider:4)
  A fire dragon (Lair:6)
  Josephine (Lair:4)
  A deep elf high priest (Elf:1)
  Harold (Lair:2)
  Fannar (Orc:1)
  A vault guard (D:11)
  3 hydras
  Erica (D:10)
  A centaur warrior (D:9)
  13 dancing weapons
  8 death yaks
  5 two-headed ogres
  Urug (Lair:2)
  A deep elf knight (Elf:1)
  A swamp dragon (Lair:6)
  3 deep elf archers (Elf:1)
  Pikel (D:8)
  An orange crystal statue (D:10)
  An orc knight (Orc:1)
  16 orb spiders
  27 wolf spiders
  A cyclops (D:11)
  9 orc sorcerers
  24 deep elf magi
  18 elephants
  2 moths of wrath
  4 black mambas
  Maurice (Orc:1)
  4 torpor snails
  Joseph (D:8)
  10 spiny frogs
  2 gargoyles
  6 komodo dragons
  4 rime drakes
  16 demonic crawlers
  43 jumping spiders
  A queen bee (Spider:2)
  6 meliai (Spider:2)
  7 trolls
  A polar bear (Lair:3)
  10 hornets
  4 slime creatures (D:12)
  13 hippogriffs
  22 blink frogs
  3 dream sheep (Lair:6)
  105 redbacks
  A water elemental (Elf:2)
  22 tarantellas
  3 air elementals
  26 yaks
  4 wraiths
  3 wyverns
  4 fire elementals
  2 basilisks
  2 steam dragons (Lair:6)
  3 hungry ghosts
  8 swamp worms (Spider:4)
  6 wargs
  2 soldier ants
  Edmund (D:4)
  2 acid dragons (Lair:6)
  2 hell hounds
  5 porcupines
  2 ice beasts
  10 water moccasins
  3 black bears
  2 swamp drakes
  A hornet zombie (D:12)
  15 orc warriors
  A phantom (D:12)
  13 ogres
  7 necrophages
  6 wolves
  5 sky beasts
  9 centaurs
  19 crocodiles
  21 bullfrogs
  A big kobold (D:10)
  The ghost of Chudej the Conjurer, an amateur DECj (D:4)
  A gnoll sergeant (D:8)
  3 earth elementals (Elf:1)
  6 scorpions
  2 troll zombies (D:12)
  33 killer bees
  2 howler monkeys
  7 wights
  5 electric eels
  A bullfrog zombie (D:11)
  2 centaur zombies
  2 crimson imps
  8 hounds
  15 orc priests
  2 bullfrog skeletons
  8 jellies
  10 iguanas
  2 centaur skeletons
  42 orc wizards
  8 worker ants
  6 ogre zombies (D:12)
  3 hound skeletons
  4 gnolls (D:8)
  A howler monkey skeleton (D:10)
  10 adders
  6 oozes
  An adder zombie (D:9)
  A worm zombie (D:4)
  10 worms (Spider:4)
  8 leopard geckos
  86 orcs
  3 ball pythons (D:4)
  4 bats
  8 giant cockroaches
  4 goblins
  2 hobgoblins
  20 jackals
  3 quokkas
  A frilled lizard (D:1)
  A goblin skeleton (D:12)
  2 goblin zombies (D:12)
  2 hobgoblin skeletons (D:12)
  A hobgoblin zombie (D:12)
  6 kobolds
  A leopard gecko skeleton (D:4)
  2 orc skeletons (D:12)
  17 orc zombies (D:12)
  A quokka skeleton (D:4)
  4 rats
  3 fungi
  3 plants
1020 creatures vanquished.

Vanquished Creatures (collateral kills)
  A jumping spider (Spider:1)
  A redback (Spider:1)
2 creatures vanquished.

Vanquished Creatures (others)
  An unseen horror (D:12)
  An orb spider (Spider:1)
  A slave (D:8)
  A hound (D:6)
  An orc wizard (D:6)
  2 worker ants (D:6)
  A shadow imp (D:6)
  An orc (D:6)
  A quokka zombie (D:6)
  5 fungi
  17 plants
32 creatures vanquished.

Grand Total: 1054 creatures vanquished

Notes
Turn   | Place    | Note
-------+----------+-------------------------------------------
     0 | D:1      | Bergy the Gargoyle Fighter began the quest for the Orb.
     0 | D:1      | Reached XP level 1. HP: 14/14 MP: 1/1
   161 | D:1      | Reached XP level 2. HP: 18/19 MP: 2/2
   630 | D:1      | Reached XP level 3. HP: 23/23 MP: 3/3
   978 | D:2      | Found an ornate altar of the Wu Jian Council.
   978 | D:2      | Found a blossoming altar of Fedhas.
  1709 | D:3      | Reached XP level 4. HP: 19/28 MP: 4/4
  2081 | D:3      | Noticed brittlin's ghost (amateur HOFi)
  2339 | D:4      | Noticed a sky beast
  2444 | D:4      | Noticed Chudej's ghost (amateur DECj)
  2457 | D:4      | Killed Chudej's ghost
  2457 | D:4      | Reached skill level 5 in Maces & Flails
  2457 | D:4      | Reached XP level 5. HP: 14/32 MP: 5/5
  2692 | D:4      | Killed a sky beast
  2692 | D:4      | Reached XP level 6. HP: 25/37 MP: 6/6
  2868 | D:4      | Found a glowing drain.
  2925 | D:5      | Entered Level 5 of the Dungeon
  3054 | D:4      | Reached XP level 7. HP: 41/41 MP: 7/7
  3387 | D:4      | Found Icseckut's Weapon Boutique.
  3636 | D:4      | Noticed Edmund
  3659 | D:4      | Killed Edmund
  3867 | D:4      | Found a sparkling altar of Nemelex Xobeh.
  3867 | D:4      | Found a hazy altar of Hepliaklqana.
  4297 | D:5      | Reached XP level 8. HP: 44/46 MP: 8/8
  4389 | D:5      | Found a radiant altar of Vehumet.
  4423 | D:5      | Found a hazy altar of Hepliaklqana.
  5004 | D:6      | Reached skill level 10 in Maces & Flails
  5683 | D:6      | Noticed a hippogriff
  5696 | D:6      | Killed a hippogriff
  5771 | D:6      | Reached XP level 9. HP: 30/51 MP: 9/9
  5944 | D:6      | Found a shimmering altar of Xom.
  6674 | D:7      | Found Ypho's Antique Armour Emporium.
  6733 | D:7      | Bought a runed shield for 202 gold pieces
  6912 | D:7      | Found Opeonugu's Food Shop.
  6999 | D:7      | Found Gure Isi's Food Boutique.
  7325 | D:7      | Found a staircase to the Ecumenical Temple.
  7331 | Temple   | Entered the Ecumenical Temple
  7416 | Temple   | Became a worshipper of Makhleb the Destroyer
  7810 | D:8      | Reached skill level 5 in Armour
  7850 | D:8      | Found a staircase to the Lair.
  7996 | D:8      | Reached skill level 5 in Shields
  7996 | D:8      | Reached XP level 10. HP: 58/58 MP: 10/10
  8374 | D:8      | Noticed a two-headed ogre
  8387 | D:8      | Killed a two-headed ogre
  8387 | D:8      | Reached skill level 5 in Fighting
  8409 | D:8      | Reached * piety under Makhleb
  8736 | D:8      | Noticed Pikel
  8756 | D:8      | Killed Pikel
  8824 | D:8      | Noticed Joseph
  8836 | D:8      | Killed Joseph
  9025 | D:9      | Noticed a centaur warrior
  9058 | D:9      | Killed a centaur warrior
  9113 | D:9      | Reached XP level 11. HP: 53/64 MP: 11/11
  9635 | D:9      | Noticed a two-headed ogre
  9658 | D:9      | Killed a two-headed ogre
  9844 | D:9      | Noticed a two-headed ogre
  9851 | D:9      | Killed a two-headed ogre
 10236 | D:9      | Found a sacrificial altar of Ru.
 10240 | D:9      | Found a shadowy altar of Dithmenos.
 10318 | D:10     | Entered Level 10 of the Dungeon
 10479 | D:10     | Reached ** piety under Makhleb
 10913 | D:10     | Noticed Gastronok
 11471 | D:10     | Noticed Erica
 11476 | D:10     | Noticed an orange crystal statue
 11544 | D:10     | Killed Erica
 11754 | Lair:1   | Entered Level 1 of the Lair of Beasts
 11814 | Lair:1   | Noticed an oklob plant
 11814 | Lair:1   | Noticed an oklob plant
 12325 | Lair:1   | You fall through a shaft!
 12510 | Lair:1   | Reached XP level 12. HP: 73/73 MP: 12/12
 13158 | Lair:2   | Reached *** piety under Makhleb
 13268 | Lair:2   | Noticed Urug
 13621 | Lair:2   | Killed Urug
 13889 | Lair:2   | Reached skill level 1 in Axes
 14179 | Lair:2   | Noticed Harold
 14223 | Lair:2   | Killed Harold
 14223 | Lair:2   | Reached skill level 2 in Axes
 14641 | Lair:3   | Reached skill level 3 in Axes
 14790 | Lair:3   | Reached skill level 4 in Axes
 15010 | Lair:3   | Reached skill level 5 in Axes
 15239 | Lair:3   | Reached skill level 6 in Axes
 15473 | Lair:4   | Found a staircase to the Swamp.
 15473 | Lair:4   | Noticed Josephine
 15473 | Lair:4   | Noticed a six-headed hydra
 15481 | Lair:4   | Killed a seven-headed hydra
 15493 | Lair:4   | Killed Josephine
 15493 | Lair:4   | Reached **** piety under Makhleb
 15493 | Lair:4   | Reached skill level 7 in Axes
 15493 | Lair:4   | Reached XP level 13. HP: 70/82 MP: 13/13
 15567 | Lair:4   | Reached skill level 8 in Axes
 15621 | Lair:4   | Found a hole to the Spider Nest.
 15781 | Lair:4   | Reached skill level 9 in Axes
 15891 | Lair:4   | Reached skill level 10 in Axes
 16012 | Lair:4   | You fall through a shaft!
 16386 | Lair:5   | Reached skill level 11 in Axes
 16528 | Lair:5   | Reached ***** piety under Makhleb
 17147 | Lair:6   | Entered Level 6 of the Lair of Beasts
 17265 | Lair:6   | Gained mutation: Your large and strong wings let you fly indefinitely. [Gargoyle growth]
 17265 | Lair:6   | Reached XP level 14. HP: 71/87 MP: 14/14
 17444 | Lair:6   | Reached skill level 12 in Axes
 17553 | Lair:6   | Found a staircase to the Slime Pits.
 18017 | Lair:6   | Reached skill level 13 in Axes
 18203 | Lair:6   | Got a faintly glowing broad axe
 18248 | Lair:6   | Identified the cursed +1 broad axe of Cobwebs {chop, rF+ rN+} (You found it on level 6 of the Lair of Beasts)
 18685 | Lair:6   | Reached skill level 10 in Fighting
 18960 | Spider:1 | Entered Level 1 of the Spider Nest
 19336 | Spider:1 | Reached skill level 10 in Shields
 19482 | Spider:1 | Reached skill level 14 in Axes
 19628 | Spider:1 | Reached ****** piety under Makhleb
 19649 | Spider:1 | Reached XP level 15. HP: 92/92 MP: 15/15
 19963 | Spider:1 | Killed a ghost moth
 20224 | Spider:1 | Gained mutation: You have sharp fingernails. [potion of mutation]
 20224 | Spider:1 | Gained mutation: You possess an exceptional clarity of mind. [potion of mutation]
 21157 | Spider:2 | Reached skill level 15 in Axes
 22569 | Spider:3 | Reached skill level 10 in Armour
 23077 | Spider:4 | Entered Level 4 of the Spider Nest
 23536 | Spider:4 | Reached XP level 16. HP: 100/100 MP: 16/16
 23935 | Spider:4 | Noticed Arachne
 23995 | Spider:4 | Killed Arachne
 23995 | Spider:4 | Reached skill level 16 in Axes
 24428 | Spider:4 | Got a gossamer rune of Zot
 24430 | Spider:4 | Identified 3 scrolls of acquirement
 24455 | Spider:4 | Got a scintillating crystal amulet
 24456 | Spider:4 | Identified the amulet "Keho" {+Rage rPois MR+} (You acquired it on level 4 of the Spider Nest)
 25773 | Spider:1 | Noticed Bergy's ghost (journeyman GrFi)
 25785 | Spider:1 | Killed Bergy's ghost
 26413 | D:9      | Paralysed by fainting for 9 turns
 26525 | D:10     | Got a smoking wooden ring
 26529 | D:10     | Identified the ring of Orarel {rC+ MP+9 Stlth+} (You found it on level 10 of the Dungeon)
 26958 | D:11     | Got a polished spear
 26959 | D:11     | Identified the +5 spear "Xeiduif" {freeze, Str+6 Dex-3} (You found it on level 11 of the Dungeon)
 27443 | D:11     | Found a portal to a secret trove of treasure.
 27870 | D:12     | Found a staircase to the Orcish Mines.
 28125 | D:12     | Reached XP level 17. HP: 107/107 MP: 17/17
 29002 | Orc:1    | Entered Level 1 of the Orcish Mines
 29166 | Orc:1    | Noticed Fannar
 29208 | Orc:1    | Killed Fannar
 29443 | Orc:1    | Noticed Maurice
 29458 | Orc:1    | Killed Maurice
 29700 | Orc:2    | Entered Level 2 of the Orcish Mines
 29700 | Orc:2    | Found a staircase to the Elven Halls.
 29852 | Orc:2    | Noticed Azrael
 30004 | Orc:2    | Killed Azrael
 30080 | Orc:2    | Found Lekothrou's Gadget Boutique.
 30361 | Orc:2    | Paralysed by an orc sorcerer for 2 turns
 30517 | Orc:2    | Found Caihea Jukh's General Store.
 30517 | Orc:2    | Found Ucwumid's Gadget Shop.
 30599 | Orc:2    | Found a roughly hewn altar of Beogh.
 30651 | Orc:2    | Found Nexkuhiy's Magic Scroll Shoppe.
 30651 | Orc:2    | Found Ceivahej's Antique Weapon Shop.
 30735 | Orc:2    | Bought a scroll of enchant weapon for 105 gold pieces
 30735 | Orc:2    | Bought a scroll of enchant weapon for 105 gold pieces
 30750 | Orc:2    | Bought a brightly glowing mace for 232 gold pieces
 30750 | Orc:2    | Identified the cursed +1 mace of Valuable Assets {flame, MR++} (You bought it in a shop on level 2 of the Orcish Mines)
 31217 | Elf:1    | Entered Level 1 of the Elven Halls
 31242 | Elf:1    | Found a radiant altar of Vehumet.
 31389 | Elf:1    | Found Booruuqi's Distillery.
 31399 | Elf:1    | Bought a potion of haste for 180 gold pieces
 31399 | Elf:1    | Bought a potion of resistance for 180 gold pieces
 31617 | Elf:1    | Noticed Louise
 31647 | Elf:1    | Killed Louise
 31672 | Elf:1    | Got a blackened large shield
 31683 | Elf:1    | Identified the cursed +0 large shield of Doyghih {MR+ Int+2} (You took it off Louise on level 1 of the Elven Halls)
 32014 | Elf:1    | Reached skill level 15 in Shields
 32751 | Elf:2    | Gained mutation: Your body sometimes deteriorates upon taking damage. [a neqoxec]
 32841 | Elf:2    | Found a runed gate.
 32843 | Elf:2    | Found a runed gate.
 32843 | Elf:2    | Found a runed gate.
 32946 | Elf:2    | Found Leatuur's Antique Weapon Shoppe.
 33171 | Elf:2    | Killed from afar by a deep elf knight

Skill      XL: |  1  2  3  4  5  6  7  8  9 10 11 12 13 14 15 16 17 |
---------------+----------------------------------------------------+-----
Maces & Flails | 3 4 5 6 7 9 11 12 13 14 | 14.0
Armour         | 5 7 8 9 10 11 | 11.9
Shields        | 5 7 9 10 12 13 15 | 15.7
Fighting       | 4 6 7 9 10 11 12 14 | 14.0
Axes           | 7 11 14 15 16 | 16.4

Action                   |  1- 3 |  4- 6 |  7- 9 | 10-12 | 13-15 | 16-18 || total
-------------------------+-------+-------+-------+-------+-------+-------++-------
Melee: Flail             |   110 |   168 |   297 |     6 |    16 |       ||   597
       Mace              |       |       |    95 |   681 |       |       ||   776
       Whip              |       |       |    32 |       |       |       ||    32
       Broad axe         |       |       |       |   133 |  1431 |  1512 ||  3076
       Eveningstar       |       |       |       |       |       |    18 ||    18
Throw: Tomahawk          |       |       |       |       |     3 |       ||     3
Invok: Lesser Servant of |       |       |       |       |     1 |       ||     1
 Abil: Fly               |       |       |       |       |       |     1 ||     1
       Stop Flying       |       |       |       |       |       |     1 ||     1
Evoke: Wand              |       |       |       |       |       |     1 ||     1
  Use: Scroll            |       |       |     5 |     8 |    10 |    19 ||    42
       Potion            |       |       |     1 |     8 |    10 |     7 ||    26
  Eat: Chunk             |     1 |     3 |    13 |    23 |    18 |    25 ||    83
       Ration            |       |     1 |     1 |     1 |     3 |     2 ||     8
Armor: Scale mail        |    68 |       |       |       |       |       ||    68
       Plate armour      |    24 |   142 |   218 |   399 |   711 |   668 ||  2162
       Ring mail         |       |       |       |    82 |   232 |       ||   314
Dodge: Dodged            |    37 |    22 |    41 |   150 |   371 |   231 ||   852
       Deflected         |       |       |       |     3 |       |       ||     3
Block: Shield            |    76 |    89 |   146 |   555 |  1438 |   941 ||  3245
       Reflection        |       |       |       |       |     3 |     5 ||     8
       Large shield      |       |       |       |       |       |   157 ||   157
